 Dungeon Crawl Stone Soup version 0.24.0-125-gc4c63601f3 (webtiles) character file.

Game seed: 8342280436040289966, levelgen mode: deterministic

3347 Johnny the Geomancer (level 9, -2/62 HPs)
             Began as a Demigod Earth Elementalist on Mar 1, 2020.
             Slain by a killer bee (12 damage)
             ... on level 8 of the Dungeon.
             The game lasted 00:08:09 (7484 turns).

Johnny the Geomancer (Demigod Earth Elementalist)   Turns: 7484, Time: 00:08:10

Health: -2/62      AC:  4    Str: 11    XL:     9   Next: 44%
Magic:  23/23      EV: 12    Int: 25    God:
Gold:   518        SH:  0    Dex: 16    Spells: 12/21 levels left

rFire    + . .     SeeInvis .   n - +1 dagger (elec)
rCold    . . .     Gourm    .   (no shield)
rNeg     . . .     Faith    .   e - +2 robe {MR+}
rPois    .         Spirit   .   (no helmet)
rElec    .         Reflect  .   (no cloak)
rCorr    .         Harm     .   (no gloves)
MR       +....                  (no boots)
Stlth    +++.......             D - amulet of regeneration
HPRegen  0.60/turn              m - ring of protection from fire
MPRegen  0.18/turn              I - ring of stealth

@: lethally poisoned (-2 -> -4), about to teleport
A: high mp 1
a: no special abilities


You were on level 8 of the Dungeon.
You were not hungry.

You visited 1 branch of the dungeon, and saw 8 of its levels.
You also visited: Sewer.

You collected 518 gold pieces.

Inventory:

Hand Weapons
 k - a +2 dagger of flaming
 n - a +1 dagger of electrocution (weapon)
 y - a +1 dagger of venom
Missiles
 b - 39 stones (quivered)
Armour
 e - a +2 robe of magic resistance (worn)
 H - a +0 pair of gloves
Jewellery
 m - a ring of protection from fire (left hand)
 r - an uncursed amulet of harm {unknown}
 D - an amulet of regeneration (around neck)
 F - an uncursed ring of protection from magic {unknown}
 I - a ring of stealth (right hand)
Wands
 s - a wand of polymorph (7)
 u - a wand of digging (6)
 x - a wand of scattershot (1)
 L - a wand of random effects (15)
Scrolls
 a - 2 scrolls of magic mapping {unknown}
 d - 3 scrolls of enchant weapon {unknown}
 g - 8 scrolls of teleportation
 h - 2 scrolls of amnesia {unknown}
 j - a scroll of fog {unknown}
 l - 3 scrolls of identify {unknown}
 o - 4 scrolls of blinking
 q - a scroll of enchant armour {unknown}
 v - 2 scrolls of fear {unknown}
 C - 2 scrolls of remove curse {unknown}
 J - a scroll of acquirement {unknown}
Potions
 c - 2 potions of haste {unknown}
 f - 3 potions of cancellation {unknown}
 i - a potion of lignification {unknown}
 p - 2 potions of brilliance {unknown}
 t - 2 potions of flight {unknown}
 w - 2 potions of heal wounds {unknown}
 A - 3 potions of curing {unknown}
 B - a potion of degeneration {unknown}
 E - a potion of invisibility {unknown}
 G - 2 potions of berserk rage {unknown}
 M - a potion of might {unknown}
Comestibles
 z - 15 rations
 K - 2 chunks of flesh


   Skills:
 - Level 1.7 Dodging
 - Level 1.7 Stealth
 + Level 6.9 Spellcasting
   Level 0.8 Transmutations
 * Level 10.6 Earth Magic


You had 12 spell levels left.
You knew the following spells:

 Your Spells              Type           Power        Failure   Level  Hunger
a - Sandblast             Erth           ######       1%          1    None
b - Stone Arrow           Conj/Erth      #####.       2%          3    None
c - Lee's Rapid Deconstr  Erth           ######....   2%          5    #####..

Your spell library contained the following spells:

 Spells                   Type           Power        Failure   Level  Hunger
 Passwall                 Tmut/Erth      #####...     1%          2    None
 Petrify                  Tmut/Erth      #####...     6%          4    ###....
 Magic Dart               Conj           #...         7%          1    None
 Blink                    Tloc           N/A          11%         2    None
 Call Imp                 Summ           #.......     11%         2    None
 Searing Ray              Conj           #.....       11%         2    None
 Slow                     Hex            #.......     11%         2    None
 Conjure Flame            Conj/Fire      #.......     21%         3    None
 Dazzling Spray           Conj/Hex       #.....       21%         3    None
 Mephitic Cloud           Conj/Pois/Air  #.......     21%         3    None
 Force Lance              Conj/Tloc      #.......     56%         4    ###....
 Fulminant Prism          Conj/Hex       #.........   56%         4    ###....
 Iskenderun's Mystic Bla  Conj           #.......     56%         4    ###....


Dungeon Overview and Level Annotations

Branches:
Dungeon (8/15)             Temple (0/1) D:6           Sewer (visited)
   Lair: D:8-11


Innate Abilities, Weirdness & Mutations

You have an increased reservoir of magic. (+10% MP)


Message History

You hear an angry buzzing noise. x2
Unknown command.
As you read the scroll of teleportation, it crumbles to dust.
You feel strangely unstable. The killer bee stings you!
You are poisoned.
The killer bee poisons you! The killer bee stings you.
* * * LOW HITPOINT WARNING * * *
The killer bee stings you.
* * * LOW HITPOINT WARNING * * *
The killer bee closely misses you. x2; The killer bee barely misses you.
The killer bee stings you.
* * * LOW HITPOINT WARNING * * *
You are more poisoned.
The killer bee poisons you!
The killer bee stings you but does no damage.
You hear an angry buzzing noise. x2
Unknown command.
Unknown command.
You feel sick. The killer bee completely misses you. The killer bee stings you!
You die...

... ..# ..# ######## ..#
############......##.#
.................y...#
#.....## #.......y...#
#.##...# #......@yyF.##
..##.#.###......yy...y.#
.##..#..##............##
.##.##..##..............#
###. #...##..............
# .. #.#.##...........##.
#.####..................
.....................###
#.#...................


You could see a queen bee, a bullfrog and 6 killer bees.

Vanquished Creatures
  An oklob plant (D:6)
  Sigmund (D:2)
  2 hungry ghosts (D:7)
  Eustachio (D:6)
  Edmund (D:6)
  Duvessa (D:4)
  Purgy (Sewer)
  A sky beast (D:6)
  2 phantoms
  3 ogres
  2 centaurs (D:5)
  Blork the orc (D:4)
  A big kobold (D:5)
  Dowan (D:4)
  2 scorpions
  A crimson imp (D:8)
  3 hounds
  A jelly (D:6)
  2 bullfrog skeletons
  2 orc priests
  5 orc wizards
  Jessica (D:2)
  3 iguanas
  Terence (D:2)
  5 worker ants
  A hound zombie (D:8)
  A hound skeleton (D:7)
  A howler monkey zombie (D:6)
  Robin (D:2)
  16 gnolls
  8 adders
  2 adder zombies
  4 worms
  A dart slug (D:1)
  7 leopard geckos
  30 orcs
  2 ball pythons
  11 bats
  4 giant cockroaches
  31 goblins
  13 hobgoblins
  8 jackals
  18 kobolds
  2 quokkas
  4 frilled lizards
  A jackal zombie (D:5)
  A leopard gecko skeleton (D:7)
  A quokka zombie (D:5)
  7 rats
  3 plants (D:6)
223 creatures vanquished.

Notes
Turn   | Place    | Note
-------+----------+-------------------------------------------
     0 | D:1      | Johnny the Demigod Earth Elementalist began the quest for
                  | the Orb.
     0 | D:1      | Reached XP level 1. HP: 14/14 MP: 5/5
   280 | D:1      | Reached skill level 3 in Earth Magic
   587 | D:1      | Reached XP level 2. HP: 20/20 MP: 3/7
  1649 | D:2      | Reached XP level 3. HP: 26/26 MP: 7/9
  1676 | D:2      | Noticed Sigmund
  1684 | D:2      | Killed Sigmund
  1684 | D:2      | Reached skill level 4 in Earth Magic
  1684 | D:2      | Reached XP level 4. HP: 19/33 MP: 0/11
  1684 | D:2      | Reached XP level 5. HP: 22/38 MP: 0/12
  2279 | D:3      | Reached skill level 5 in Earth Magic
  2817 | D:3      | Reached XP level 6. HP: 35/45 MP: 14/14
  2863 | D:2      | Noticed Terence
  2883 | D:2      | Killed Terence
  2956 | D:2      | Noticed Jessica
  2961 | D:2      | Killed Jessica
  3079 | D:2      | Learned a level 3 spell: Stone Arrow
  3085 | D:2      | Learned a level 5 spell: Lee's Rapid Deconstruction
  3219 | D:2      | Identified the -3 helmet "Pushefuf" {-Tele Regen+ Dex+6}
  3219 | D:2      | Noticed Robin
  3221 | D:2      | Killed Robin
  3632 | D:4      | Reached skill level 6 in Earth Magic
  3982 | D:4      | Noticed Duvessa
  3983 | D:4      | Noticed Dowan
  3992 | D:4      | Killed Duvessa
  3992 | D:4      | Reached XP level 7. HP: 31/50 MP: 11/16
  3996 | D:4      | Killed Dowan
  4180 | D:4      | Reached skill level 7 in Earth Magic
  4593 | D:4      | Noticed Blork the orc
  4603 | D:4      | Killed Blork the orc
  4656 | D:4      | Found a basalt altar of Yredelemnul.
  4752 | D:5      | Entered Level 5 of the Dungeon
  4774 | D:5      | Reached skill level 5 in Spellcasting
  4774 | D:5      | Reached XP level 8. HP: 18/57 MP: 12/19
  5073 | D:5      | Reached skill level 8 in Earth Magic
  5543 | D:5      | Found a snail-covered altar of Cheibriados.
  5619 | D:6      | Noticed Eustachio
  5626 | D:6      | Killed Eustachio
  5671 | D:6      | Found a glowing drain.
  5683 | Sewer    | Entered a sewer
  5719 | Sewer    | Noticed Purgy
  5724 | Sewer    | Killed Purgy
  5881 | D:6      | Found a staircase to the Ecumenical Temple.
  5919 | D:6      | Reached skill level 9 in Earth Magic
  6436 | D:6      | Found a blossoming altar of Fedhas.
  6436 | D:6      | Noticed Edmund
  6445 | D:6      | Killed Edmund
  6529 | D:6      | Noticed an oklob plant
  6536 | D:6      | Killed an oklob plant
  6536 | D:6      | Reached XP level 9. HP: 62/62 MP: 0/22
  6862 | D:7      | Reached skill level 10 in Earth Magic
  7295 | D:8      | Found a sparkling altar of Nemelex Xobeh.
  7484 | D:8      | Slain by a killer bee

Levels and vault maps discovered:
D:1:      matt_arrival_diagonals, layout_basic
D:2:      layout_basic, uniq_terence, uniq_jessica, uniq_sigmund, uniq_robin
D:3:      layout_basic, minmay_goblin_outpost
D:4:      layout_loops_ring, nicolae_overflow_hidden_temple, first_ration,
          uniq_blork_the_orc, uniq_duvessa, uniq_menkaure
D:5:      cheibrodos_thug_alley, layout_rooms, overflow_temple_1_default
D:6:      layout_basic, minmay_temple_entry_mist, gup_sewer_entry_pipe,
          tgw_fedhas, uniq_edmund, uniq_eustachio
D:7:      layout_cave_pools
D:8:      layout_rooms, nemelex_xobeh_ov_fountains_minmay, basic_altar,
          serial_shops, kennysheep_mini_moat, david_nohive_1, wad_mini_maze

Skill      XL: |  1  2  3  4  5  6  7  8  9 |
---------------+----------------------------+-----
Spellcasting   | 2 3 4 5 6 |  6.9
Earth Magic    | 3 4 5 6 7 9 10 | 10.6
Dodging        | |  1.7
Stealth        | |  1.7
Transmutations | |  0.8

Action                   |  1- 3 |  4- 6 |  7- 9 || total
-------------------------+-------+-------+-------++-------
Melee: Unarmed           |    28 |     2 |       ||    30
       Dagger            |       |   161 |   253 ||   414
 Cast: Sandblast         |    31 |    57 |    72 ||   160
       Lee's Rapid Decon |       |       |     9 ||     9
       Stone Arrow       |       |       |     4 ||     4
Evoke: Wand              |       |       |     2 ||     2
  Use: Scroll            |       |       |     3 ||     3
 Stab: Sleeping          |     1 |     5 |     6 ||    12
       Distracted        |       |       |     2 ||     2
  Eat: Ration            |     1 |       |     1 ||     2
       Chunk             |       |     6 |    11 ||    17
Armor: Robe              |     7 |    44 |    56 ||   107
Dodge: Dodged            |    30 |   112 |   199 ||   341
